AoeStats
← Chaac1706

Arabia

503379217Analyzed
1v1 RM · 1mo ago on Aug 31, 2026· 40m 52s· 2 players
Game mode
Random Map
Map size
Tiny (2 player)
Population
200
Speed
Normal
Resources
Standard
Victory
Conquest
Starting age
Dark Age
Ending age
Imperial Age
RankedLock teamsTeams togetherTeam positionsShared explorationLock speedFull tech treeHidden civsTurbo modeCheats
Victory
Defeat
🇨🇳 Romans · China
1141
+17
🇨🇴 Muisca · Colombia
1168
-17
klose
2:26 Loom
10:20 Feudal Age
11:51 Man-at-Arms
13:57 Town Watch
14:39 Scale Mail Armor
18:06 Double-Bit Axe
21:34 Castle Age
20:19 Fletching
23:08 Wheelbarrow
22:39 Bodkin Arrow
23:06 Husbandry
23:18 Squires
22:39 Long Swordsman
24:41 Bloodlines
25:38 Hand Cart
26:34 Gold Mining
29:39 Chain Mail Armor
29:31 Scale Barding Armor
29:36 Forging
30:59 Chain Barding Armor
37:44 Iron Casting
Chaac1706
6:55 Loom
10:00 Feudal Age
11:14 Double-Bit Axe
13:59 Town Watch
13:55 Horse Collar
15:37 Fletching
21:41 Castle Age
21:26 Wheelbarrow
21:47 Crossbowman
22:50 Bodkin Arrow
23:14 Bow Saw
23:10 Heavy Plow
26:12 Padded Archer Armor
28:20 Hand Cart
31:51 Gold Mining
33:22 Thumb Ring
33:51 Town Patrol
34:56 Redemption
Connection lost

Rejoining the realm…

Still unreachable

The connection could not be restored.

Session expired

The server has moved on; the page needs a fresh start.